Map: Odyssey LE

Players

Aoret - Winner!

  • Race: Protoss Protoss
  • League: Gold
  • Spawn Location: 11:00

Makelator

  • Race: Protoss Protoss
  • League: Gold
  • Spawn Location: 5:00

VOD

Have the link to the VOD?

Description

Time

  • Played on: June 24, 2017, 3:19 a.m.
  • Length: 8:00
Show
View Real Time Build Order
Export as new Build Order

Aoret Protoss - Winner!

Build Orders:  

Get SALT Encoding   

  12  0:00  Probe (Chrono Boost)  
  13  0:11  Probe (Chrono Boost)  
  14  0:17  Pylon  
  14  0:22  Probe (Chrono Boost)  
  15  0:35  Gateway  
  15  0:41  Assimilator  
  15  0:43  Probe (Chrono Boost)  
  16  0:50  Assimilator  
  16  0:53  Probe (Chrono Boost)  
  18  1:04  Probe (Chrono Boost)  
  18  1:15  Probe (Chrono Boost)  
  19  1:23  Cybernetics Core  
  19  1:24  Gateway  
  19  1:28  Probe (Chrono Boost)  
  20  1:39  Pylon  
  20  1:46  Probe (Chrono Boost)  
  21  1:59  Probe (Chrono Boost), Warp Gate  
  22  2:10  Adept  
  22  2:11  Adept  
  26  2:20  Probe (Chrono Boost), Pylon  
  27  2:28  Robotics Facility  
  27  2:31  Probe (Chrono Boost)  
  28  2:38  Stalker  
  30  2:45  Probe (Chrono Boost)  
  30  2:47  Stalker  
  29  3:20  Immortal  
  29  3:24  Mothership Core (Chrono Boost)  
  29  3:25  Zealot x2  
  37  3:42  Probe (Chrono Boost)  
  38  3:52  Probe (Chrono Boost)  
  39  4:11  Pylon  
  39  4:15  Nexus  
  39  4:19  Pylon  
  39  4:29  Warp Prism  
  41  4:40  Pylon  
  41  4:43  Gateway x2  
  41  4:46  Probe (Chrono Boost)  
  42  4:52  Stalker  
  42  4:57  Probe (Chrono Boost)  
  45  5:02  Stalker  
  47  5:16  Pylon  
  47  5:26  Stalker x2  
  51  5:30  Probe x2 (Chrono Boost)  
  49  5:41  Probe (Chrono Boost)  
  48  5:55  Zealot  
  48  5:56  Zealot x3  
  52  6:09  Pylon  
  52  6:10  Pylon  
  47  6:12  Pylon  
  24  6:47  Zealot  
  24  6:48  Zealot  
  19  7:27  Probe (Chrono Boost)  
  20  7:47  Probe (Chrono Boost)  
Show
View Real Time Build Order
Export as new Build Order

Makelator Protoss 

Build Orders:  

Get SALT Encoding   

  12  0:11  Pylon  
  12  0:15  Probe (Chrono Boost)  
  13  0:31  Gateway  
  13  0:40  Gateway  
  13  0:45  Probe (Chrono Boost)  
  14  0:59  Probe (Chrono Boost)  
  14  1:03  Pylon  
  15  1:10  Probe (Chrono Boost)  
  16  1:19  Zealot (Chrono Boost)  
  18  1:28  Zealot (Chrono Boost)  
  20  1:39  Cybernetics Core  
  20  1:43  Assimilator  
  22  1:47  Zealot (Chrono Boost)  
  22  1:52  Zealot (Chrono Boost)  
  24  2:07  Probe  
  25  2:09  Assimilator  
  25  2:19  Probe  
  26  2:28  Warp Gate (Chrono Boost)  
  26  2:31  Probe  
  27  2:38  Pylon  
  27  2:43  Probe  
  28  2:47  Pylon  
  28  2:55  Probe  
  25  3:24  Gateway  
  25  3:25  Gateway  
  25  3:29  Gateway  
  23  3:37  Probe  
  23  3:41  Pylon  
  24  3:47  Twilight Council  
  24  3:49  Probe  
  23  4:02  Probe  
  24  4:12  Pylon  
  24  4:14  Probe  
  25  4:25  Blink (Chrono Boost)  
  25  4:26  Probe  
  26  4:37  Stalker x2  
  30  4:38  Stalker  
  32  4:45  Stalker  
  34  5:13  Stalker x3  
  39  5:16  Stalker  
  41  5:31  Stalker  
  38  6:04  Stalker  
  38  6:05  Stalker  
  38  6:06  Stalker  
  34  6:25  Mothership Core  
  8  7:10  Probe (Chrono Boost)  
  9  7:25  Pylon  
  9  7:27  Pylon  
  10  7:30  Probe (Chrono Boost)  
Tags
 
League
GoldGold
Matchup
PvP
Spawn Locations
Cross Positions
Add a new tag
Caveats
  • Supply blocks, unpowered buildings, or Contaminate may cause inaccurate times.
  • Supply counts are checked every 10 seconds.